 Dungeon Crawl Stone Soup version 0.19-a0-1401-g902f63d (webtiles) character file.

12 mopl the Magician (level 2, -11/24 HPs)
             Began as a Troll Wizard on Sept 4, 2016.
             Killed by divine providence
             ... invoked by an orc priest
              (13 damage)
             ... on level 4 of the Dungeon.
             The game lasted 00:01:18 (255 turns).

mopl the Magician (Troll Wizard)                     Turns: 255, Time: 00:01:19

Health: -11/24     AC:  5    Str: 14    XL:     2   Next: 20%
Magic:  4/4        EV:  9    Int: 14    God:
Gold:   49         SH:  0    Dex:  8    Spells: 2 memorised, 2 levels left

rFire  + . .     SeeInvis .       - Unarmed
rCold  . . .     Gourm    +     i - +0 robe {rF+}
rNeg   . . .     Faith    .     (no shield)
rPois  .         Spirit   .     b - +0 hat
rElec  .         Dismiss  .     (no cloak)
rCorr  .         Reflect  .     (gloves unavailable)
MR     .....     Harm     .     (boots unavailable)
Stlth  +.........               (no amulet)
                                (no ring)
                                (no ring)

@: no status effects
A: unfitting armour, claws 3, fast metabolism 3, gourmand, regeneration 1,
shaggy fur 1, tough skin 2
a: no special abilities


You were on level 4 of the Dungeon.
You were full.

You visited 1 branch of the dungeon, and saw 4 of its levels.

You collected 49 gold pieces.

Inventory:

Armour
 b - a +0 hat (worn)
 i - a +0 robe of fire resistance (worn)
Scrolls
 h - a scroll of teleportation {unknown}
Potions
 e - a potion of agility {unknown}
 f - a potion of resistance {unknown}
Books
 c - a book of Minor Magic

   Spells                             Type                      Level
   a - Magic Dart                     Conjuration                  1
   b - Blink                          Translocation                2
   c - Call Imp                       Summoning                    2
   d - Repel Missiles                 Charms/Air                   2
   e - Slow                           Hexes                        2
   f - Conjure Flame                  Conjuration/Fire             3
   g - Mephitic Cloud                 Conjuration/Poison/Air       3
Comestibles
 d - 3 bread rations
 g - 6 chunks of flesh


   Skills:
 - Level 1.5 Dodging
 - Level 1.1 Stealth
 * Level 1.9 Unarmed Combat
 - Level 2.0 Spellcasting
 - Level 0.6 Conjurations
   Level 0.6 Summonings
 - Level 0.6 Translocations


You had 2 spell levels left.
You knew the following spells:

 Your Spells              Type           Power        Failure   Level  Hunger
a - Magic Dart            Conj           #...         21%         1    ##.....
e - Blink                 Tloc           N/A          30%         2    ###....


Dungeon Overview and Level Annotations

Branches:
Dungeon (4/15)
 Temple: D:4-7

Altars:


Innate Abilities, Weirdness & Mutations

You are too large for most types of armour.
You have claws for hands.
Your metabolism is lightning-fast.
You like to eat raw meat.
Your natural rate of healing is unusually fast.
You are covered in fur. (AC +1)
You have very tough skin. (AC +2)


Message History

You open the door.
A worm, 2 orcs and an orc priest come into view.
The orc shouts! x2
Found a scroll labeled LOERRO MOPI and a scroll labeled MAXUONK CAPY.
An orc priest comes into view. It is wielding a dagger.
The orc priest shouts!
The orc priest invokes the aid of Beogh against you.
Beogh smites you!
Found a dagger.
An orc comes into view. It is wielding a flail.
There is an open door here.
The orc priest shouts!
The orc priest mumbles some strange prayers to Beogh against you.
Beogh smites you!
Ouch! That really hurt!
* * * LOW HITPOINT WARNING * * *
The orc priest invokes the aid of Beogh against you.
Beogh smites you!
Ouch! That really hurt!
You die...

....................
############..########
######.#.......
#.............#
#######
#.............#
.......
+.............. #.....
#.........#####
.#.....####......#..#
...w?o.'.o@......+..#
.?.....####......##.#
...oo.. ######## ..
)o..... #.. .......
..##### .


You could see a worm, an orc priest and 2 orcs.

Vanquished Creatures
  A dart slug (D:1)
  A ball python (D:2)
  2 hobgoblins
  4 jackals (D:4)
8 creatures vanquished.

Notes
Turn   | Place    | Note
-------+----------+-------------------------------------------
     0 | D:1      | mopl the Troll Wizard began the quest for the Orb.
     0 | D:1      | Reached XP level 1. HP: 16/16 MP: 2/2
    58 | D:1      | Reached skill level 1 in Unarmed Combat
   167 | D:4      | Reached XP level 2. HP: 24/24 MP: 4/4
   186 | D:4      | Learned a level 2 spell: Blink
   253 | D:4      | HP: 1/24 [orc priest/divine providence (12)]
   255 | D:4      | Killed from afar by an orc priest

Vault maps used:
D:1:      eino_arrival_druids_welcome
D:2:      st_stairs_3
D:3:      fedhas_altar_3
D:4:      first_bread

Skill      XL: |  1 |
---------------+----+-----
Unarmed Combat | 1 |  1.9
Dodging        | |  1.5
Stealth        | |  1.1
Spellcasting   | |  2.0
Conjurations   | |  0.6
Summonings     | |  0.6
Translocations | |  0.6

Action                   || total
-------------------------++-------
Melee: Unarmed           ||    20
  Eat: Chunk             ||     4
Armor: Robe              ||     6
Dodge: Dodged            ||    10
